 Dungeon Crawl Stone Soup version 0.19.5 (webtiles) character file.

480630 JeffiDaFish the Gargoyle Barricade (level 24, -6/162 HPs)
             Began as a Gargoyle Fighter on Mar 2, 2017.
             Was the Champion of Okawaru.
             Mangled by an earth elemental (16 damage)
             ... on level 3 of the Elven Halls on Mar 4, 2017.
             The game lasted 02:40:31 (47145 turns).

JeffiDaFish the Gargoyle Barricade (GrFi)          Turns: 47145, Time: 02:40:32

Health: -6/162     AC: 50    Str: 38    XL:     24   Next: 53%
Magic:  20/29      EV: 21    Int: 15    God:    Okawaru [******]
Gold:   3267       SH: 37    Dex: 29    Spells: 2 memorised, 14 levels left

rFire  . . .     SeeInvis .     D - +7 morningstar of Valiance {crush, Str+4 Dex+2}
rCold  + + +     Gourm    .     o - +4 plate armour of Pamux {+Inv rC- Int+7 Dex+3}
rNeg   + . .     Faith    .     V - +3 large shield {rC+}
rPois  ∞         Spirit   .     F - +2 hat of the Blind Marksman {MR+ Str+4 Int-4 Dex+3}
rElec  +         Reflect  +     B - +1 cloak of Starlight {rElec rC+ EV+4 Stlth--}
rCorr  .         Harm     .     j - +2 pair of gloves of Siripre {*Contam rElec Str+3}
MR     ++...                    w - +2 pair of boots "Bosuseof" {rC++}
Stlth  ..........               y - +3 amulet of reflection
                                G - ring "Deunkaeme" {Ice *Drain +Inv Str+6}
                                q - ring of Meolech {rF+ MP+9 Dex+4}

@: flying
A: antennae 1, big wings, low mp 1, negative energy resistance 1, electricity
resistance, unbreathing, petrification resistance, rot immunity, AC +17
a: Stop Flying, Heroism, Finesse, Renounce Religion, Evoke Invisibility
}: 3/15 runes: serpentine, barnacled, silver


You were on level 3 of the Elven Halls.
You worshipped Okawaru.
Okawaru was exalted by your worship.
You were not hungry.

You visited 8 branches of the dungeon, and saw 40 of its levels.
You visited the Abyss 1 time.
You also visited: Ice Cave.

You collected 4309 gold pieces.
You spent 1042 gold pieces at shops.

Inventory:

Hand Weapons
 b - a +0 eveningstar of holy wrath
 D - the +7 morningstar of Valiance (weapon) {crush, Str+4 Dex+2}
   (Okawaru gifted it to you on level 6 of the Lair of Beasts)

   It inflicts extra damage upon your enemies.
   It affects your strength (+4).
   It affects your dexterity (+2).
 R - the +10 dark maul {crush}
   (You took it off an ogre mage on level 5 of the Vaults)

   It inflicts extra damage upon your enemies.
Armour
 j - the +2 pair of gloves of Siripre (worn) {*Contam rElec Str+3}
   (You acquired it on level 2 of the Orcish Mines)

   It affects your strength (+3).
   It insulates you from electricity.
   It causes magical contamination when unequipped.
 o - the +4 plate armour of Pamux (worn) {+Inv rC- Int+7 Dex+3}
   (You took it off an orc warrior on level 5 of the Vaults)

   It affects your intelligence (+7).
   It affects your dexterity (+3).
   It makes you vulnerable to cold.
   It lets you turn invisible.
 w - the +2 pair of boots "Bosuseof" (worn) {rC++}
   (You acquired it on level 1 of the Elven Halls)

   It greatly protects you from cold.
 B - the +1 cloak of Starlight (worn) {rElec rC+ EV+4 Stlth--}
   (Okawaru gifted it to you on level 5 of the Vaults)

   It affects your evasion (+4).
   It protects you from cold.
   It insulates you from electricity.
   It makes you much less stealthy.
 F - the +2 hat of the Blind Marksman (worn) {MR+ Str+4 Int-4 Dex+3}
   (Okawaru gifted it to you on level 15 of the Dungeon)

   It affects your strength (+4).
   It affects your intelligence (-4).
   It affects your dexterity (+3).
   It affects your resistance to hostile enchantments.
 V - a +3 large shield of cold resistance (worn)
Jewellery
 q - the ring of Meolech (left hand) {rF+ MP+9 Dex+4}
   (You found it on level 5 of the Dungeon)

   [ring of magical power]

   It affects your dexterity (+4).
   It protects you from fire.
   It affects your magic capacity (+9).
 y - a +3 amulet of reflection (around neck)
 G - the ring "Deunkaeme" (right hand) {Ice *Drain +Inv Str+6}
   (You found it in an ice cave)

   [ring of ice]

   It enhances your ice magic.
   It affects your strength (+6).
   It makes you vulnerable to fire.
   It protects you from cold.
   It lets you turn invisible.
   It causes draining when unequipped.
Scrolls
 e - 16 scrolls of remove curse
 i - a scroll of enchant weapon
 l - 3 scrolls of teleportation
 p - 6 scrolls of fear
 s - a scroll of fog
 A - 3 scrolls of silence
 E - 10 scrolls of identify
 H - 4 scrolls of magic mapping
 K - 3 scrolls of holy word
Potions
 g - a potion of haste
 k - 3 potions of brilliance
 x - 2 potions of invisibility
 z - 3 potions of agility
 C - a potion of cure mutation
 J - 2 potions of magic
 N - 2 potions of resistance
Books
 t - a book of Power

   Spells                             Type                      Level
   a - Fulminant Prism                Conjuration/Hexes            4
   b - Iskenderun's Mystic Blast      Conjuration                  4
   c - Venom Bolt                     Conjuration/Poison           5
   d - Bolt of Magma                  Conjuration/Fire/Earth       5
   e - Iron Shot                      Conjuration/Earth            6
   f - Orb of Destruction             Conjuration                  7
   g - Spellforged Servitor           Conjuration/Summoning        7
 u - a book of the Earth

   Spells                             Type                      Level
   a - Leda's Liquefaction            Hexes/Earth                  4
   b - Bolt of Magma                  Conjuration/Fire/Earth       5
   c - Statue Form                    Transmutation/Earth          6
   d - Iron Shot                      Conjuration/Earth            6
   e - Shatter                        Earth                        9
Comestibles
 d - 82 fruits
 f - 28 bread rations
 h - 15 beef jerkies
 m - 2 royal jellies
 r - 20 meat rations
 v - 11 slices of pizza


   Skills:
 + Level 19.9 Fighting
 + Level 20.6 Maces & Flails
 + Level 14.7 Armour
 + Level 8.7 Dodging
 + Level 3.0 Stealth
 O Level 27 Shields


You had 14 spell levels left.
You knew the following spells:

 Your Spells              Type           Power        Failure   Level  Hunger
a - Mephitic Cloud        Conj/Pois/Air  #.......     100%        3    ####...
b - Iron Shot             Conj/Erth      #.........   100%        6    #######


Dungeon Overview and Level Annotations

Branches:
Dungeon (15/15)            Temple (1/1) D:5            Lair (6/6) D:9
 Shoals (4/4) Lair:4        Snake (4/4) Lair:3        Slime (0/5) Lair:6
    Orc (2/2) D:12            Elf (3/3) Orc:2        Vaults (5/5) D:13
  Crypt (0/3) Vaults:2     Depths (0/5) D:15

Altars:
Ashenzari
Cheibriados
Dithmenos
Elyvilon
Fedhas
Gozag
Hepliaklqana
Kikubaaqudgha
Makhleb
Nemelex Xobeh
Okawaru
Qazlal
Ru
Sif Muna
Trog
Uskayaw
Vehumet
Xom
Yredelemnul
Zin
The Shining One
Jiyva

Shops:
D:6 ([?   D:9 :   Orc:2 (?[!   Shoals:3 (   Snake:1 }   Snake:2 !   Vaults:1 [
Vaults:2 *   Vaults:3 *

Portals:
Trove: D:14 (give +4 ice dragon scales)


Innate Abilities, Weirdness & Mutations

You are resistant to torment.
Your stone body is resilient. (AC +17)
You are immune to poison.
Your large and strong wings let you fly indefinitely.
You resist negative energy. (rN+)
You are resistant to electric shocks. (rElec)
You can survive without breathing.
You are immune to petrification.
You are immune to rotting.
You have a pair of small antennae on your head.
Your magical capacity is low. (-10% MP)


Message History

The deep elf master archer shoots an arrow.
The arrow hits you!
* * * LOW HITPOINT WARNING * * *
You block the ghostly deep elf sorcerer's attack.
A deep elf demonologist comes into view.
It is wielding a short sword.
The deep elf demonologist shouts!
A deep elf demonologist comes into view.
It is wielding a dagger.
The deep elf mage gestures wildly while chanting.
The deep elf mage blinks!
The deep elf annihilator mumbles some strange words.
The deep elf annihilator blinks!
You block the earth elemental's attack. x2
Your surroundings suddenly seem different.
The deep elf elementalist mumbles some strange words.
The deep elf elementalist seems to speed up.
You block the deep elf annihilator's attack.
The deep elf demonologist points at you and mumbles some strange words.
You resist with almost no effort.
The deep elf demonologist casts a spell.
The earth elemental hits you!
You die...

.......### ##.
.........###...
...............
...⌠...........
...............
...............
............e..
#.....e@..4....
##.....Eeee.###
###...(e4###
###...e### ####e#.#
##.Ee..#######
#..eeEx####..#
#.ExE.E......######
#.#EE.######.##....


You could see a deep elf blademaster, a deep elf master archer, a deep elf
annihilator, a deep elf sorcerer, a deep elf elementalist, 2 deep elf
demonologists, 2 deep elf high priests, 4 earth elementals, 2 rust devils, a
deep elf mage, a small abomination and a dire flail of protection.

Vanquished Creatures
  Mennas (Vaults:4)
  Bai Suzhen (Vaults:5)
  Frederick (Vaults:3)
  Saint Roka (Vaults:5)
  Jory (Vaults:3)
  A bone dragon (Abyss:3)
  Jorgrun (Shoals:3)
  Rupert (Orc:2)
  5 liches
  A deep elf blademaster (Elf:2)
  Asterion (Snake:2)
  6 titans (Vaults:5)
  3 sphinxes
  A quicksilver dragon (Vaults:4)
  A kraken (Shoals:2)
  2 tentacled starspawn (Abyss:3)
  6 shadow dragons
  5 storm dragons (Vaults:5)
  Agnes (D:15)
  3 frost giants
  11 nagarajas
  4 fire giants (Vaults:5)
  5 tengu reavers
  Ilsuiw (Shoals:4)
  5 deep elf sorcerers
  An iron dragon (Vaults:5)
  Donald (Shoals:2)
  13 vault wardens
  16 ironheart preservers
  3 deep elf elementalists
  A draconian caller (Abyss:3)
  10 stone giants
  An entropy weaver (Vaults:5)
  2 war gargoyles (Vaults:5)
  6 very ugly things
  An entropy weaver (shapeshifter) (Abyss:3)
  4 deep elf annihilators
  The ghost of Grinner the Unseen, a journeyman SpFi of Jiyva (D:15)
  4 deep elf demonologists
  3 merfolk javelineers
  Snorg (D:12)
  5 deep elf death magi
  6 ettins
  An eidolon (Vaults:2)
  13 merfolk impalers
  Josephine (D:15)
  A deep elf high priest (Vaults:5)
  8 yaktaur captains
  An ice dragon (Vaults:3)
  4 great orbs of eyes
  7 hydras
  2 fire dragons (Vaults:1)
  A great orb of eyes (shapeshifter) (Vaults:5)
  Harold (Lair:4)
  32 vault guards
  23 naga warriors
  2 death knights
  A catoblepas (Lair:4)
  5 centaur warriors
  8 anacondas
  4 merfolk avatars
  A satyr (Shoals:3)
  21 dancing weapons
  23 ogre magi
  A death yak (IceCv)
  A vampire mage (Vaults:2)
  9 merfolk aquamancers
  11 shock serpents
  2 thrashing horrors (Abyss:3)
  The ghost of bakman329 the Basher, a novice MiFi of Okawaru (D:8)
  A wretched star (Abyss:3)
  15 naga sharpshooters
  A fire crab (shapeshifter) (Vaults:4)
  21 deep elf knights
  A skeletal warrior (Vaults:2)
  A sixfirhy (Abyss:3)
  A spatial maelstrom (Abyss:3)
  3 unseen horrors (D:15)
  3 glowing orange brains
  6 salamander mystics
  3 shadow wraiths
  2 death drakes (shapeshifter)
  8 naga ritualists
  18 deep trolls
  13 deep elf archers
  A hill giant (shapeshifter) (D:13)
  3 flayed ghosts
  5 sea snakes
  7 hill giants
  4 phantasmal warriors
  16 ironbrand convokers
  5 wizards
  Pikel (D:6)
  A necromancer (Vaults:4)
  23 orc knights
  8 harpies
  7 wolf spiders
  61 deep elf magi
  7 orc sorcerers
  35 ugly things
  A shadow dragon skeleton (Vaults:4)
  A salamander (shapeshifter) (Vaults:2)
  8 mana vipers
  12 manticores
  12 cyclopes
  A faun (shapeshifter) (Vaults:5)
  18 salamanders
  9 fauns
  9 sirens
  14 elephants
  An ice statue (IceCv)
  16 vault sentinels
  6 water nymphs
  7 guardian serpents
  37 black mambas
  2 centaur zombies
  29 naga magi
  16 spiny frogs
  3 eyes of devastation (shapeshifter)
  A smoke demon (Abyss:3)
  A centaur skeleton (D:10)
  A spiny frog (shapeshifter) (Vaults:1)
  Psyche (D:8)
  A torpor snail (shapeshifter) (Vaults:5)
  A hellion (Abyss:3)
  A kobold demonologist (D:14)
  A rime drake (shapeshifter) (Vaults:2)
  3 rime drakes
  6 komodo dragons
  37 yaktaurs
  A yaktaur (shapeshifter) (Vaults:4)
  2 efreet (D:15)
  The ghost of Psyclone the Magician, a novice DEFE of Vehumet (D:5)
  9 freezing wraiths
  A meliai (shapeshifter) (Vaults:1)
  A troll (shapeshifter) (Vaults:1)
  18 polar bears
  28 merfolk
  2 wind drakes (Shoals:4)
  6 trolls
  5 blink frogs
  Grinder (D:3)
  2 polar bears (shapeshifter)
  Prince Ribbit (D:8)
  2 raiju (shapeshifter)
  8 hornets
  43 two-headed ogres
  20 slime creatures
  A hippogriff (shapeshifter) (Vaults:2)
  3 human simulacra
  3 dream sheep (Shoals:2)
  12 snapping turtles
  10 hippogriffs
  2 air elementals
  6 water elementals
  3 wyverns
  13 spriggans (Lair:6)
  2 redbacks (Vaults:5)
  3 fire elementals
  2 shadows
  2 vampires
  6 wraiths
  A tarantella (Vaults:5)
  35 yaks
  2 hungry ghosts
  2 basilisks
  4 hogs (D:7)
  A neqoxec (Abyss:3)
  A human (D:7)
  A steam dragon (D:10)
  2 vampire mosquitoes (D:14)
  A spatial vortex (Abyss:3)
  A chaos spawn (Abyss:3)
  Menkaure (D:5)
  2 soldier ants
  10 wargs
  50 nagas
  2 mottled dragons (D:15)
  16 water moccasins
  7 porcupines
  A hell hound (shapeshifter) (Vaults:5)
  3 sky beasts
  An eye of draining (D:13)
  42 orc warriors
  2 black bears
  12 ice beasts
  12 boggarts
  A tengu (shapeshifter) (D:13)
  98 ogres
  46 wolves
  3 small abominations (Abyss:3)
  20 crocodiles
  10 centaurs
  5 big kobolds
  A crocodile (shapeshifter) (Elf:1)
  20 bullfrogs
  6 earth elementals
  A scorpion (D:7)
  2 wights
  5 howler monkeys
  6 electric eels
  A lava snake (Snake:4)
  3 bullfrog zombies
  7 crimson imps
  6 hounds
  Crazy Yiuf (D:3)
  A quasit (Abyss:3)
  10 orc priests
  A bullfrog skeleton (D:9)
  3 jellies
  31 orc wizards
  3 iguanas
  Jessica (D:3)
  13 human skeletons
  4 worker ants
  15 adders
  A river rat (D:9)
  5 shadow imps
  2 oozes
  An adder zombie (D:8)
  An adder skeleton (D:4)
  A worm (D:2)
  A dart slug (D:1)
  3 leopard geckos
  113 orcs
  15 bats
  5 giant cockroaches
  7 hobgoblins
  9 jackals
  2 quokkas
  2 ball pythons
  6 frilled lizards
  11 goblins
  21 kobolds
  A leopard gecko skeleton (D:4)
  22 rats
  A fungus (D:3)
  4 tentacles (Shoals:2)
1859 creatures vanquished.

Vanquished Creatures (others)
  Vashnia (Snake:3)
  An ettin (Vaults:2)
  2 merfolk javelineers (Shoals:4)
  A yaktaur captain (Vaults:5)
  A naga warrior (Snake:4)
  A satyr (Shoals:4)
  An ogre mage (Vaults:2)
  2 deep elf knights (Elf:2)
  A naga sharpshooter (Snake:2)
  A naga ritualist (Snake:4)
  6 deep elf archers
  2 cyclopes (Shoals:1)
  2 fauns
  A deep elf mage (Elf:1)
  A naga mage (Snake:4)
  2 black mambas
  11 yaktaurs
  A polar bear (IceCv)
  2 nagas
  3 orc warriors
  An ogre (Vaults:3)
  6 centaurs
  An orc wizard (D:15)
  4 orcs
  12 fungi
  4 plants
  2 starspawn tentacles (Abyss:3)
  6 tentacles (Shoals:2)
79 creatures vanquished.

Grand Total: 1938 creatures vanquished

Notes
Turn   | Place    | Note
-------+----------+-------------------------------------------
     0 | D:1      | JeffiDaFish the Gargoyle Fighter began the quest for the Orb.
     0 | D:1      | Reached XP level 1. HP: 14/14 MP: 1/1
   154 | D:1      | Reached XP level 2. HP: 16/19 MP: 2/2
   365 | D:1      | Reached XP level 3. HP: 24/24 MP: 3/3
   893 | D:2      | Reached skill level 4 in Shields
   960 | D:2      | Reached XP level 4. HP: 29/29 MP: 4/4
  1607 | D:3      | Noticed Jessica
  1619 | D:3      | Killed Jessica
  1707 | D:3      | Reached skill level 1 in Dodging
  1713 | D:3      | Reached XP level 5. HP: 33/33 MP: 5/5
  1829 | D:3      | Found a blossoming altar of Fedhas.
  1884 | D:3      | Noticed Grinder
  1898 | D:3      | Killed Grinder
  1898 | D:3      | Reached XP level 6. HP: 23/38 MP: 6/6
  2378 | D:3      | Reached XP level 7. HP: 42/44 MP: 7/7
  2420 | D:3      | Found a snail-covered altar of Cheibriados.
  2777 | D:3      | Found a runed door.
  2781 | D:3      | Noticed Crazy Yiuf
  2795 | D:3      | Killed Crazy Yiuf
  3347 | D:4      | Found a bloodstained altar of Trog.
  3347 | D:4      | Found an opulent altar of Gozag.
  3381 | D:4      | Reached skill level 5 in Armour
  3390 | D:4      | Reached skill level 5 in Maces & Flails
  3395 | D:4      | Reached skill level 5 in Shields
  3698 | D:5      | Entered Level 5 of the Dungeon
  3721 | D:5      | Found a hide-covered altar of Uskayaw.
  3727 | D:5      | Noticed Psyclone's ghost (novice DEFE)
  3787 | D:5      | Killed Psyclone's ghost
  3787 | D:5      | Reached skill level 5 in Fighting
  3787 | D:5      | Reached XP level 8. HP: 10/49 MP: 8/8
  4162 | D:5      | Got a flickering granite ring
  4163 | D:5      | Identified the ring of Meolech {rF+ MP+9 Dex+4} (You found it on level 5 of the Dungeon)
  4349 | D:5      | Noticed Menkaure
  4361 | D:5      | Killed Menkaure
  4683 | D:5      | Found a staircase to the Ecumenical Temple.
  4689 | Temple   | Entered the Ecumenical Temple
  4740 | Temple   | Became a worshipper of Warmaster Okawaru
  5116 | D:5      | Found a glowing silver altar of Zin.
  5281 | D:6      | Found Yfaekh's Magic Scroll Boutique.
  5284 | D:6      | Bought a scroll of enchant weapon for 105 gold pieces
  5284 | D:6      | Bought a scroll of enchant armour for 105 gold pieces
  5324 | D:6      | Found a sparkling altar of Nemelex Xobeh.
  5363 | D:6      | Found Popsi's Antique Armour Boutique.
  5522 | D:6      | Found Yfoif's Weapon Shop.
  5535 | D:6      | Found an ancient bone altar of Kikubaaqudgha.
  5595 | D:6      | Reached skill level 6 in Shields
  5956 | D:6      | Noticed Pikel
  5971 | D:6      | Killed Pikel
  5971 | D:6      | Reached XP level 9. HP: 53/55 MP: 9/9
  6378 | D:6      | Found a shimmering altar of Xom.
  6461 | D:7      | Reached * piety under Okawaru
  6559 | D:7      | Reached skill level 7 in Shields
  6573 | D:7      | Found a blossoming altar of Fedhas.
  6833 | D:7      | Reached ** piety under Okawaru
  7392 | D:8      | Noticed Psyche
  7399 | D:8      | Killed Psyche
  7399 | D:8      | Reached XP level 10. HP: 59/61 MP: 10/10
  7443 | D:8      | Noticed bakman329's ghost (novice MiFi)
  7458 | D:8      | Killed bakman329's ghost
  7458 | D:8      | Reached skill level 1 in Stealth
  7458 | D:8      | Reached skill level 8 in Shields
  7523 | D:8      | Reached *** piety under Okawaru
  7622 | D:8      | Got a brightly glowing cloak
  7633 | D:8      | Identified the cursed +0 cloak of Makhleb's Pride {rC+ MR++} (You found it on level 8 of the Dungeon)
  7787 | D:8      | Found a sparkling altar of Nemelex Xobeh.
  7972 | D:8      | Noticed Prince Ribbit
  8011 | D:8      | Killed Prince Ribbit
  8011 | D:8      | Reached skill level 10 in Maces & Flails
  8390 | D:9      | Found Zerhoix's Book Shoppe.
  8608 | D:9      | Identified the +8 chain mail "Eceazoe" {*Drain rN+ Str+2} (You found it on level 9 of the Dungeon)
  8665 | D:9      | Learned a level 3 spell: Mephitic Cloud
  8777 | D:9      | Found a staircase to the Lair.
  8790 | Lair:1   | Entered Level 1 of the Lair of Beasts
  8823 | D:9      | Reached **** piety under Okawaru
  9250 | Lair:1   | Noticed a black mamba
  9257 | Lair:1   | Killed a black mamba
  9496 | Lair:1   | Reached XP level 11. HP: 68/68 MP: 11/11
 10211 | Lair:1   | Reached ***** piety under Okawaru
 10322 | Lair:2   | Reached skill level 9 in Shields
 10460 | Lair:2   | Received a gift from Okawaru
 10643 | Lair:2   | Received a gift from Okawaru
 11222 | Lair:3   | Noticed a four-headed hydra
 11234 | Lair:3   | Killed a four-headed hydra
 11434 | Lair:3   | Noticed a seven-headed hydra
 11448 | Lair:3   | Killed a seven-headed hydra
 11717 | Lair:3   | Reached skill level 10 in Shields
 11775 | Lair:3   | Reached XP level 12. HP: 69/76 MP: 12/12
 11982 | Lair:3   | Found a staircase to the Snake Pit.
 12181 | Lair:4   | Found a staircase to the Shoals.
 12231 | Lair:4   | Noticed a catoblepas
 12248 | Lair:4   | Killed a catoblepas
 12336 | Lair:4   | Noticed Harold
 12350 | Lair:4   | Killed Harold
 12517 | Lair:4   | Reached ****** piety under Okawaru
 13095 | Lair:4   | Reached skill level 11 in Shields
 13104 | Lair:4   | Received a gift from Okawaru
 13140 | Lair:4   | Identified the +4 great mace of Okawaru's Generosity {flame, rElec} (Okawaru gifted it to you on level 4 of the Lair of Beasts)
 13344 | Lair:4   | Reached skill level 10 in Fighting
 13522 | Lair:5   | Received a gift from Okawaru
 13522 | Lair:5   | Reached XP level 13. HP: 82/82 MP: 13/13
 13523 | Lair:5   | Got a faintly glowing eveningstar {god gift}
 13529 | Lair:5   | Identified the +5 eveningstar "Asiv" {drain, rPois MR++} (Okawaru gifted it to you on level 5 of the Lair of Beasts)
 13634 | Lair:5   | Reached skill level 12 in Shields
 13734 | Lair:5   | Identified the cursed +1 shortbow of Fee Simple {velocity, rC+ MR+} (You found it on level 5 of the Lair of Beasts)
 14212 | Lair:6   | Entered Level 6 of the Lair of Beasts
 14260 | Lair:6   | Found a staircase to the Slime Pits.
 14260 | Lair:6   | Found a viscous altar of Jiyva.
 14352 | Lair:6   | Reached skill level 10 in Armour
 14895 | Lair:6   | Received a gift from Okawaru
 14909 | Lair:6   | Got a shimmering morningstar {god gift}
 14910 | Lair:6   | Identified the +7 morningstar of Valiance {crush, Str+4 Dex+2} (Okawaru gifted it to you on level 6 of the Lair of Beasts)
 15044 | Lair:6   | Got a scintillating glass ring
 15045 | Lair:6   | Identified the cursed ring of Peace {+Inv rElec rPois MR- Str-3} (You found it on level 6 of the Lair of Beasts)
 15080 | Lair:6   | Reached skill level 13 in Shields
 15506 | Lair:6   | Received a gift from Okawaru
 15926 | D:10     | Entered Level 10 of the Dungeon
 15982 | D:10     | Gained mutation: Your large and strong wings let you fly indefinitely. [Gargoyle growth]
 15982 | D:10     | Reached XP level 14. HP: 90/90 MP: 14/14
 17144 | D:12     | Found a shimmering altar of Xom.
 17146 | D:12     | Found a staircase to the Orcish Mines.
 17373 | D:12     | Noticed Snorg
 17386 | D:12     | Killed Snorg
 17715 | D:13     | Found a gate to the Vaults.
 17719 | D:13     | Reached skill level 15 in Maces & Flails
 18526 | D:14     | Found a portal to a secret trove of treasure.
 19048 | D:14     | Received a gift from Okawaru
 19373 | D:15     | Entered Level 15 of the Dungeon
 19384 | D:15     | Noticed Josephine
 19399 | D:15     | Killed Josephine
 19446 | D:15     | Noticed Grinner's ghost (journeyman SpFi)
 19486 | D:15     | Killed Grinner's ghost
 19592 | D:15     | Reached skill level 14 in Shields
 19609 | D:15     | Found a staircase to the Depths.
 19629 | D:15     | Reached XP level 15. HP: 50/97 MP: 15/15
 19997 | D:15     | Received a gift from Okawaru
 20465 | D:15     | Noticed Agnes
 20472 | D:15     | Killed Agnes
 20472 | D:15     | Received a gift from Okawaru
 20473 | D:15     | Got a slimy hat {god gift}
 20474 | D:15     | Identified the +2 hat of the Blind Marksman {MR+ Str+4 Int-4 Dex+3} (Okawaru gifted it to you on level 15 of the Dungeon)
 20799 | Orc:1    | Entered Level 1 of the Orcish Mines
 20951 | Orc:2    | Entered Level 2 of the Orcish Mines
 21175 | Orc:2    | Found a staircase to the Elven Halls.
 21250 | Orc:2    | Reached skill level 15 in Shields
 21256 | Orc:2    | Found a frozen archway.
 21270 | IceCv    | Entered an ice cave
 21695 | IceCv    | Noticed a frost giant
 21725 | IceCv    | Killed a frost giant
 21942 | IceCv    | Got a transparent glass ring
 21944 | IceCv    | Identified the ring "Deunkaeme" {Ice *Drain +Inv Str+6} (You found it in an ice cave)
 22137 | Orc:2    | Found a burning altar of Makhleb.
 22328 | Orc:2    | Received a gift from Okawaru
 22350 | Orc:2    | Reached XP level 16. HP: 104/104 MP: 16/16
 22352 | Orc:2    | Reached skill level 5 in Dodging
 22461 | Orc:2    | Noticed Rupert
 22474 | Orc:2    | Killed Rupert
 22488 | Orc:2    | Reached skill level 16 in Shields
 22732 | Orc:2    | Found Siroladd's Weapon Shop.
 22732 | Orc:2    | Found Ywioxu's Magic Scroll Shoppe.
 22733 | Orc:2    | Found Zifituof's Antique Armour Shoppe.
 22733 | Orc:2    | Found Usches's Distillery.
 22743 | Orc:2    | Bought a scroll of acquirement for 832 gold pieces
 22745 | Orc:2    | Got a pair of steaming gloves
 22756 | Orc:2    | Identified the +2 pair of gloves of Siripre {*Contam rElec Str+3} (You acquired it on level 2 of the Orcish Mines)
 23081 | Snake:1  | Entered Level 1 of the Snake Pit
 23324 | Snake:1  | Found Kameawae's Gadget Emporium.
 24014 | Snake:1  | Received a gift from Okawaru
 24561 | Snake:2  | Found Pissy's Distillery.
 24595 | Snake:2  | Noticed a nagaraja
 24603 | Snake:2  | Killed a nagaraja
 24689 | Snake:2  | Noticed Asterion
 24692 | Snake:2  | Noticed an Executioner
 24710 | Snake:2  | Killed Asterion
 24710 | Snake:2  | Reached skill level 17 in Shields
 25427 | Snake:3  | Reached XP level 17. HP: 71/112 MP: 17/17
 25823 | Snake:3  | Noticed Vashnia
 25829 | Snake:3  | Received a gift from Okawaru
 25890 | Snake:3  | Killed Vashnia
 25954 | Snake:3  | Reached skill level 18 in Shields
 26245 | Snake:3  | Got a warped chain mail {god gift}
 26487 | Snake:3  | Reached skill level 15 in Fighting
 26762 | Snake:4  | Entered Level 4 of the Snake Pit
 26941 | Snake:4  | Received a gift from Okawaru
 27139 | Snake:4  | Received a gift from Okawaru
 27149 | Snake:4  | Identified the +1 chain mail of Giavoahe {*Drain rElec MR- Str+6} (Okawaru gifted it to you on level 3 of the Snake Pit)
 27151 | Snake:4  | Identified the +0 pair of gloves of It's Over Quickly {rF- MR+ rCorr Dex+2} (Okawaru gifted it to you on level 4 of the Snake Pit)
 27255 | Snake:4  | Reached XP level 18. HP: 65/119 MP: 18/18
 27288 | Snake:4  | Reached skill level 19 in Shields
 27733 | Snake:4  | Received a gift from Okawaru
 27766 | Snake:4  | Received a gift from Okawaru
 27777 | Snake:4  | Got a steaming demon whip {god gift}
 27778 | Snake:4  | Identified the +6 demon whip "Ileiptu" {flame, rPois rF++ MR+ Str+2} (Okawaru gifted it to you on level 4 of the Snake Pit)
 27781 | Snake:4  | Gained mutation: You have a pair of small antennae on your head. [potion of beneficial mutation]
 27915 | Snake:4  | Got a serpentine rune of Zot
 28585 | Shoals:1 | Entered Level 1 of the Shoals
 28932 | Shoals:1 | Reached skill level 20 in Shields
 29516 | Shoals:2 | Received a gift from Okawaru
 29863 | Shoals:2 | Reached XP level 19. HP: 83/125 MP: 19/19
 30218 | Shoals:2 | Noticed Donald
 30235 | Shoals:2 | Killed Donald
 30426 | Shoals:3 | Noticed Jorgrun
 30435 | Shoals:3 | Killed Jorgrun
 30513 | Shoals:3 | Found Osmenar's Antique Weapon Boutique.
 31130 | Shoals:4 | Entered Level 4 of the Shoals
 31163 | Shoals:4 | Noticed Ilsuiw
 31215 | Shoals:4 | Killed Ilsuiw
 31656 | Shoals:4 | Reached skill level 21 in Shields
 31691 | Shoals:4 | Got a barnacled rune of Zot
 32094 | Shoals:4 | Received a gift from Okawaru
 33068 | Vaults:1 | Entered Level 1 of the Vaults
 33068 | Vaults:1 | Found Ylug's Armour Shoppe.
 33238 | Vaults:1 | Received a gift from Okawaru
 33597 | Vaults:1 | Reached XP level 20. HP: 132/132 MP: 20/20
 34478 | Vaults:1 | Reached skill level 22 in Shields
 35312 | Vaults:2 | Received a gift from Okawaru
 35606 | Vaults:2 | Found Fanumom's Assorted Antiques.
 35915 | Vaults:2 | Found a staircase to the Crypt.
 36213 | Vaults:2 | Received a gift from Okawaru
 36349 | Vaults:3 | Noticed Frederick
 36360 | Vaults:3 | Killed Frederick
 36375 | Vaults:3 | Reached XP level 21. HP: 49/140 MP: 21/21
 36618 | Vaults:3 | Reached skill level 23 in Shields
 36681 | Vaults:3 | Noticed Jory
 36690 | Vaults:3 | Killed Jory
 36754 | Vaults:3 | Received a gift from Okawaru
 37266 | Vaults:3 | Found a radiant altar of Vehumet.
 37275 | Vaults:3 | Identified the +4 hat of Lucidity {-Cast rElec MR+ Str+3} (You found it on level 3 of the Vaults)
 37519 | Vaults:3 | Received a gift from Okawaru
 37704 | Vaults:3 | Found Zoegriaq's Assorted Antiques.
 38724 | Vaults:4 | Received a gift from Okawaru
 38990 | Vaults:4 | Reached skill level 24 in Shields
 39244 | Vaults:4 | Reached XP level 22. HP: 145/147 MP: 22/22
 39503 | Vaults:4 | Received a gift from Okawaru
 39614 | Vaults:5 | Entered Level 5 of the Vaults
 39915 | Vaults:5 | Noticed Mennas
 40617 | Vaults:4 | Killed Mennas
 41016 | Vaults:5 | Reached skill level 25 in Shields
 41169 | Vaults:5 | Got a silver rune of Zot
 41274 | Vaults:5 | Received a gift from Okawaru
 41289 | Vaults:5 | Noticed Saint Roka
 41430 | Vaults:5 | Reached XP level 23. HP: 71/153 MP: 23/23
 41842 | Vaults:5 | Killed Saint Roka
 41842 | Vaults:5 | Received a gift from Okawaru
 42367 | Vaults:5 | Got a pair of polished boots
 42378 | Vaults:5 | Identified the +2 pair of boots of the Sacrificial Victim {Int+3} (You acquired it on level 5 of the Vaults)
 42400 | Vaults:5 | Got a smoking golden ring
 42403 | Vaults:5 | Identified the ring "Extuucsu" {MP+9 Int+2 Dex+2 Stlth+} (You took it off a deep elf knight on level 5 of the Vaults)
 42891 | Vaults:5 | Got a slimy plate armour
 42902 | Vaults:5 | Identified the +4 plate armour of Pamux {+Inv rC- Int+7 Dex+3} (You took it off an orc warrior on level 5 of the Vaults)
 43484 | Vaults:5 | Reached skill level 26 in Shields
 43812 | Vaults:5 | Noticed Bai Suzhen
 43827 | Vaults:5 | Killed Bai Suzhen
 43827 | Vaults:5 | Received a gift from Okawaru
 44179 | Elf:1    | Entered Level 1 of the Elven Halls
 44319 | Elf:1    | Identified the Papyrus of Creation
 44330 | Elf:1    | Learned a level 6 spell: Iron Shot
 44595 | Elf:1    | Got a pair of spiked boots
 44606 | Elf:1    | Identified the +2 pair of boots "Bosuseof" {rC++} (You acquired it on level 1 of the Elven Halls)
 45617 | Elf:2    | Reached XP level 24. HP: 151/161 MP: 23/23
 45629 | Elf:2    | Found a huge runed gate.
 45631 | Elf:2    | Found a huge runed gate.
 45634 | Elf:2    | Found a huge runed gate.
 46379 | Elf:2    | Received a gift from Okawaru
 46484 | Elf:2    | Gained mutation: Your magical capacity is low. (-10% MP) [mutagenic glow]
 46596 | Elf:3    | Entered Level 3 of the Elven Halls
 46938 | Elf:3    | Cast into level 3 of the Abyss (a ghostly deep elf sorcerer)
 47039 | Abyss:3  | Reached skill level 27 in Shields
 47140 | Elf:3    | Escaped the Abyss
 47145 | Elf:3    | Mangled by an earth elemental

Skill      XL: |  1  2  3  4  5  6  7  8  9 10 11 12 13 14 15 16 17 18 19 20 21 22 23 24 |
---------------+-------------------------------------------------------------------------+-----
Shields        | 4 5 6 7 8 10 11 13 14 15 17 18 20 21 22 24 25 26 27 | 27.0
Maces & Flails | 3 4 6 8 9 10 12 13 14 15 16 17 18 19 20 | 20.6
Dodging        | 1 2 3 4 5 6 7 8 |  8.7
Fighting       | 4 5 6 8 9 10 11 12 13 14 15 16 17 18 19 | 19.9
Armour         | 4 5 6 7 8 9 10 11 12 13 14 | 14.7
Stealth        | 1 2 3 |  3.0

Action                   |  1- 3 |  4- 6 |  7- 9 | 10-12 | 13-15 | 16-18 | 19-21 | 22-24 || total
-------------------------+-------+-------+-------+-------+-------+-------+-------+-------++-------
Melee: Flail             |   147 |   157 |   398 |   785 |     3 |       |       |       ||  1490
       Eveningstar       |       |       |       |       |   233 |       |       |       ||   233
       Morningstar       |       |       |       |       |  1127 |  1196 |  1654 |  1556 ||  5533
       Demon whip        |       |       |       |       |       |    63 |   131 |       ||   194
Invok: Heroism           |       |       |       |       |       |       |     1 |       ||     1
 Abil: Fly               |       |       |       |       |     1 |       |       |       ||     1
  Use: Potion            |     1 |     1 |     3 |     4 |     1 |     8 |    12 |     9 ||    39
       Scroll            |     2 |     2 |    10 |    16 |    15 |     8 |    12 |    24 ||    89
 Stab: Held in net/web   |       |       |       |       |       |       |     1 |       ||     1
       Distracted        |       |       |       |       |       |       |       |     1 ||     1
  Eat: Chunk             |     1 |     4 |    12 |    19 |    29 |    22 |    32 |    23 ||   142
       Bread ration      |       |       |     1 |       |       |       |       |       ||     1
       Pizza             |       |       |       |     1 |     1 |       |       |       ||     2
       Fruit             |       |       |       |       |       |     4 |       |       ||     4
       Royal jelly       |       |       |       |       |       |       |       |     2 ||     2
Armor: Scale mail        |   105 |    20 |       |       |       |       |       |       ||   125
       Chain mail        |       |    57 |   214 |   449 |   473 |   403 |   338 |   247 ||  2181
       Plate armour      |       |       |       |       |       |       |       |   223 ||   223
Dodge: Dodged            |    52 |    33 |    71 |   262 |   331 |   306 |   332 |   515 ||  1902
Block: Shield            |   107 |    88 |   179 |   517 |  1101 |   128 |       |       ||  2120
       Reflection        |       |       |       |       |    46 |   209 |   181 |   144 ||   580
       Large shield      |       |       |       |       |       |  1540 |  2141 |  2240 ||  5921
